 Dungeon Crawl Stone Soup version 0.17-a0-1951-g62301d3 (webtiles) character file.

233 truemonolith the Magician (level 5, 0/28 HPs)
             Began as a Deep Elf Conjurer on Oct 2, 2015.
             Succumbed to a worker ant's poison
             ... on level 3 of the Dungeon.
             The game lasted 00:13:50 (4614 turns).

truemonolith the Magician (Deep Elf Conjurer)       Turns: 4614, Time: 00:13:50

Health: 0/28       AC:  4    Str:  5    XL:     5   Next: 74%
Magic:  7/16       EV: 13    Int: 21    God:
Gold:   214        SH:  0    Dex: 15    Spells: 2 memorised, 14 levels left

rFire  x . .     SeeInvis .     h - +0 short sword (venom)
rCold  + . .     Clarity  .     s - +0 robe
rNeg   . . .     SustAt   .     (no shield)
rPois  .         Gourm    .     y - +0 helmet
rElec  .         Spirit   .     (no cloak)
rCorr  .         Warding  .     (no gloves)
rMut   .         Stasis   .     f - +0 pair of boots
MR     .....                    (no amulet)
Stlth  ++........               (no ring)
                                a - ring of ice

@: lethally poisoned (0 -> -8), not resistant to hostile enchantments,
unstealthy
A: no striking features
a: no special abilities


You were on level 3 of the Dungeon.
You were not hungry.

You visited 1 branch of the dungeon, and saw 4 of its levels.

You collected 214 gold pieces.

Inventory:

Hand weapons
 h - a +0 short sword of venom (weapon)
Armour
 f - a +0 pair of boots (worn)
 s - a +0 robe (worn)
 y - a +0 helmet (worn)
Jewellery
 a - a ring of ice (left hand)
 g - an uncursed amulet of resist mutation
 u - an uncursed ring of ice
Magical devices
 p - a wand of confusion (48)
Scrolls
 d - 2 scrolls of identify
Potions
 e - a potion of heal wounds {unknown}
 i - a potion of might {unknown}
 j - a potion of agility {unknown}
 l - 2 potions of invisibility {unknown}
 m - a potion of brilliance {unknown}
 o - a potion of mutation {unknown}
 q - 2 potions of resistance {unknown}
 t - a potion of magic {unknown}
 w - a potion of beneficial mutation {unknown}
 x - a potion of poison {unknown}
Books
 b - a book of Conjurations

   Spells                             Type                      Level
   a - Magic Dart                     Conjuration                  1
   b - Searing Ray                    Conjuration                  2
   c - Dazzling Spray                 Conjuration/Hexes            3
   d - Fulminant Prism                Conjuration/Hexes            4
   e - Iskenderun's Mystic Blast      Conjuration                  4
   f - Iskenderun's Battlesphere      Conjuration/Charms           5
Comestibles
 c - 2 bread rations
 k - 2 fruits
 n - 2 slices of pizza
 r - 2 meat rations


   Skills:
 - Level 2.9 Dodging
 - Level 2.6 Stealth
 * Level 7.3 Spellcasting
 - Level 5.0 Conjurations


You had 14 spell levels left.
You knew the following spells:

 Your Spells              Type           Power        Failure   Level  Hunger
a - Magic Dart            Conj           ####         1%          1    None
b - Dazzling Spray        Conj/Hex       ###.....     12%         3    None


Dungeon Overview and Level Annotations

Branches:
Dungeon (4/15)
 Temple: D:4-7

Altars:
Okawaru


Message History

The worker ant barely misses you. The worker ant bites you.
The worker ant closely misses you.
Your magical contamination has completely faded away.
The worker ant bites you.
* * * LOW HITPOINT WARNING * * *
The worker ant closely misses you. The worker ant barely misses you.
The worker ant bites you.
There is a stone staircase leading up here.
The worker ant bites you.
* * * LOW HITPOINT WARNING * * *
The worker ant misses you.
The worker ant bites you but does no damage.
The worker ant closely misses you. The worker ant bites you.
* * * LOW HITPOINT WARNING * * *
You are lethally poisoned!
The worker ant poisons you!
You die...

######### ##.P≈.(..#
#..≈≈≈.P.# #..≈≈≈≈..#
#..≈≈≈≈..#
#########..≈≈≈≈..######
#
#.......a..............
#######
#.....@..#############.
......#####.......##
##### ##
#####......##..####
#...# ######).#.##
#...# # ##)#.########
#...# # #
#..........#####...# #
# ###.######.........#
# # ##.# ###..####...#
# ###### ##..# #.....#
#...# #


You could see a worker ant.

Vanquished Creatures
  2 orc wizards (D:4)
  2 worker ant zombies (D:3)
  6 adders
  An adder zombie (D:3)
  2 worms (D:3)
  4 giant geckos
  4 orcs (D:4)
  8 bats
  9 giant cockroaches
  4 goblins
  11 hobgoblins
  11 jackals
  2 quokkas
  2 giant gecko skeletons
  3 giant newts
  4 kobolds
  6 rats
81 creatures vanquished.

Notes
Turn   | Place    | Note
--------------------------------------------------------------
     0 | D:1      | truemonolith the Deep Elf Conjurer began the quest for the Orb.
     0 | D:1      | Reached XP level 1. HP: 10/10 MP: 6/6
   378 | D:1      | Reached XP level 2. HP: 15/15 MP: 5/8
   799 | D:1      | Reached skill level 5 in Conjurations
  1222 | D:2      | Reached XP level 3. HP: 19/19 MP: 5/9
  1278 | D:2      | Found an iron altar of Okawaru.
  1642 | D:2      | Learned a level 3 spell: Dazzling Spray
  2179 | D:3      | Reached XP level 4. HP: 20/24 MP: 5/12
  2436 | D:3      | Reached skill level 5 in Spellcasting
  3183 | D:3      | Reached skill level 6 in Spellcasting
  3183 | D:3      | Reached XP level 5. HP: 21/28 MP: 5/15
  3921 | D:4      | Reached skill level 7 in Spellcasting
  4337 | D:4      | Noticed a phantom
  4613 | D:3      | HP: 1/28 [worker ant (4)]
  4614 | D:3      | Succumbed to a worker ant's poison

Vault maps used:
D:1:      erik_arrival_cave_to_civilisation
D:2:      first_bread, okawaru_ov_weapons_minmay
D:3:      serial_undead, serial_undead_e, serial_undead_f, serial_undead_c,
          serial_undead_f, minmay_misc_feat_chi
D:4:      minmay_goblin_kobold_castle, lemuel_doored_altar,
          vehumet_altar_wand_db, uniq_menkaure, uniq_duvessa

Action                   |  1- 3 |  4- 6 || total
-------------------------+-------+-------++-------
Melee: Unarmed           |     2 |       ||     2
       Short sword       |       |    11 ||    11
 Cast: Magic Dart        |    85 |   125 ||   210
       Dazzling Spray    |       |    16 ||    16
  Use: Scroll            |       |     6 ||     6
  Eat: Bread ration      |     1 |     1 ||     2
       Fruit             |       |     1 ||     1
       Chunk             |       |     1 ||     1
